cohdb
Replays
Latest Replays
All Replays
Popular Replays
Top Player Replays
Match Explorer
How It Works
Community
CoH3 Stats
Reddit
Sign in to upload your games and track your stats! →
Sign in with Steam
Match 43484221
Unlisted
Match 43484221
Overview
Messages
Build Orders
End
Panzergrenadier Squad
Selects Italian Combined Arms Battlegroup
Selects Bersaglieri Squad
Bersaglieri Squad
Bersaglieri Squad
Construct Light Support Kompanie
Selects Bersaglieri Bolster
MG34 Team
Fire Support Elements
Pak 38 Mechanized Group
Selects Breda Model 30 Light Machine Guns
Flakvierling Half-track
Bersaglieri Squad
Panzerpioneer Squad
Selects Semovente da 75/18 Assault Gun
Selects Carro Armato M13/40 Light Tank
Carro Armato M13/40 Light Tank
Semovente da 75/18 Assault Gun
Selects Pact of Steel
Construct Mechanized Kompanie
MG34 Team
le.IG 18 Mechanized Group
''Big'' Phil Gillis
MERKAVA
Jarkke
Setti-Veke
0
0
Comments
sign in to comment!
No comments posted yet!